 Dungeon Sprint DCSS version 0.21.2 (webtiles) character file.

641 Fang the Fighter (level 7, -22/53 HPs)
             Began as a Gargoyle Berserker on Dec 19, 2018.
             Was a Priest of Trog.
             Annihilated by a tyrant leech (28 damage)
             ... in the Dungeon (Sprint II: "The Violet Keep of Menkaure").
             The game lasted 00:00:37 (129 turns).

Fang the Fighter (Gargoyle Berserker)                Turns: 129, Time: 00:00:37

Health: -22/53     AC:  7    Str: 22    XL:     7   Next: 51%
Magic:  7/7        EV: 13    Int:  8    God:    Trog [***...]
Gold:   243        SH:  0    Dex:  9    Spells: 6/6 levels left

rFire    . . .     SeeInvis .   a - +0 hand axe
rCold    . . .     Gourm    .   (no shield)
rNeg     + . .     Faith    .   b - +0 animal skin
rPois    ∞         Spirit   .   (no helmet)
rElec    +         Reflect  .   (no cloak)
rCorr    .         Harm     .   (no gloves)
MR       .....     NoTele   +   (no boots)
Stlth    +.........             (no amulet)
HPRegen  0.17/turn              (no ring)
MPRegen  0.10/turn              (no ring)

@: berserk cooldown, slowed, very slow
A: negative energy resistance 1, electricity resistance, unbreathing,
petrification resistance, rot immunity, AC +4
a: Berserk, Trog's Hand, Burn Spellbooks, Renounce Religion


You were in the Dungeon.
You worshipped Trog.
Trog was most pleased with you.
You were not hungry.

You visited 1 branch You collected 243 gold pieces.

Inventory:

Hand Weapons
 a - a +0 hand axe (weapon)
Armour
 b - a +0 animal skin (worn)
Scrolls
 i - a scroll of blinking
Potions
 d - a potion of curing
 e - a potion of heal wounds
 f - a potion of haste
 g - 2 potions of magic
 h - a potion of berserk rage
Comestibles
 c - a ration
 j - 3 chunks of flesh


   Skills:
 + Level 10.8 Fighting
 + Level 10.3 Axes
 + Level 5.3 Armour
 + Level 4.1 Dodging


You had 6 spell levels left.
You didn't know any spells.

Dungeon Overview and Level Annotations

Branches:
Dungeon (1/1)

Altars:


Innate Abilities, Weirdness & Mutations

You are resistant to torment.
Your stone body is resilient. (AC +4)
You are immune to poison.
You resist negative energy. (rN+)
You are resistant to electric shocks. (rElec)
You can survive without breathing.
You are immune to petrification.
You are immune to rotting.


Message History

The tyrant leech bites you!
* * * LOW HITPOINT WARNING * * *
There is an open door here.
You see here a tyrant leech corpse.
You slash the tyrant leech!
The tyrant leech is lightly wounded.
You closely miss the tyrant leech.
The tyrant leech is lightly wounded.
You are no longer berserk.
You are exhausted.
You feel yourself slow down. The tyrant leech closely misses you.
You hit the tyrant leech.
The tyrant leech is moderately wounded.
The tyrant leech bites you.
* * * LOW HITPOINT WARNING * * *
You closely miss the tyrant leech.
The tyrant leech is moderately wounded.
The tyrant leech bites you!!
Ouch! That really hurt!
You die...

## ## ##. .##
#.. ..# ##
#w#.# ## ##.#
#@# .##
#...##.###..#
#.).<.'†#
#...##.###..#
##.# #+# .##
## ##


You could see a tyrant leech.

Vanquished Creatures
  A merfolk siren (D)
  A tyrant leech (D)
  4 worker ants (D)
6 creatures vanquished.

Vanquished Creatures (others)
  A crocodile (D)
1 creature vanquished.

Grand Total: 7 creatures vanquished

Notes
Turn   | Place    | Note
-------+----------+-------------------------------------------
     0 | D        | Fang the Gargoyle Berserker began the quest for the Orb.
     0 | D        | Reached XP level 1. HP: 14/14 MP: 1/1
     1 | D        | Noticed a worker ant
     1 | D        | Noticed a worker ant
     5 | D        | Noticed a worker ant
     5 | D        | Noticed a worker ant
     5 | D        | Killed a worker ant
     5 | D        | Reached skill level 5 in Fighting
     5 | D        | Reached XP level 2. HP: 21/21 MP: 2/2
     5 | D        | Reached XP level 3. HP: 26/26 MP: 3/3
     8 | D        | Reached ** piety under Trog
     8 | D        | Reached skill level 5 in Axes
     8 | D        | Reached XP level 4. HP: 32/32 MP: 4/4
    39 | D        | Killed a crocodile
    72 | D        | Noticed a merfolk siren
   100 | D        | Killed a merfolk siren
   100 | D        | Reached skill level 10 in Fighting
   100 | D        | Reached skill level 5 in Armour
   100 | D        | Reached XP level 5. HP: 42/42 MP: 5/5
   100 | D        | Reached XP level 6. HP: 48/48 MP: 6/6
   100 | D        | Reached XP level 7. HP: 52/52 MP: 7/7
   107 | D        | Noticed a tyrant leech
   107 | D        | Noticed a tyrant leech
   124 | D        | Killed a tyrant leech
   124 | D        | Reached *** piety under Trog
   124 | D        | Reached skill level 10 in Axes
   129 | D        | Annihilated by a tyrant leech

Skill      XL: |  1  2  3  4  5  6  7 |
---------------+----------------------+-----
Fighting       | 5 6 10 | 10.8
Axes           | 4 5 9 10 | 10.3
Dodging        | 2 3 4 |  4.1
Armour         | 3 5 |  5.3

Action                   |  1- 3 |  4- 6 |  7- 9 || total
-------------------------+-------+-------+-------++-------
Melee: Hand axe          |     5 |    26 |    20 ||    51
Invok: Berserk           |     1 |       |     1 ||     2
Armor: Animal skin       |     1 |     1 |       ||     2
Dodge: Dodged            |     2 |     3 |     3 ||     8
